 Dungeon Crawl Stone Soup version 0.28.0-45-g0d030f2227 (webtiles) character file.

Game seed: 18307623907999539744

64 gohu the Chopper (level 4, -9/41 HPs)
             Began as a Hill Orc Fighter on May 29, 2022.
             Killed by nerve-wracking pain
             ... invoked by Jessica
              (10 damage)
             ... on level 2 of the Dungeon.
             The game lasted 00:02:21 (1356 turns).

gohu the Chopper (Hill Orc Fighter)                 Turns: 1356, Time: 00:02:22

Health: -9/41      AC:  9    Str: 20    XL:     4   Next: 12%
Magic:  4/4        EV:  9    Int:  8    God:
Gold:   26         SH:  4    Dex: 10    Spells: 3/3 levels left

rFire   . . .      SeeInvis .   a - +0 war axe
rCold   . . .      Faith    .   c - +0 buckler
rNeg    . . .      Spirit   .   b - +0 scale mail
rPois   .          Reflect  .   i - +1 helmet
rElec   .          Harm     .   (no cloak)
rCorr   .          Rampage  .   (no gloves)
Will    .....                   (no boots)
Stlth   ..........              (no amulet)
HPRegen 0.13/turn               (no ring)
MPRegen 0.09/turn               (no ring)

@: slowed, very slow
A: no striking features
a: no special abilities


You were on level 2 of the Dungeon.
You visited 1 branch of the dungeon, and saw 2 of its levels.

You collected 26 gold pieces.

Inventory:

Hand Weapons
 a - a +0 war axe (weapon)
Armour
 b - a +0 scale mail (worn)
 c - a +0 buckler (worn)
 i - a +1 helmet (worn)
Scrolls
 e - 2 scrolls of identify {unknown}
 f - a scroll of amnesia {unknown}
 h - a scroll of torment {unknown}
Potions
 d - a potion of might
 g - a potion of heal wounds {unknown}
 j - 2 potions of lignification {unknown}


   Skills:
 * Level 4.4 Fighting
 * Level 4.5 Axes
 + Level 3.7 Armour
 - Level 3.2 Shields


You had 3 spell levels left.
You didn't know any spells.
Your spell library was empty.

Dungeon Overview and Level Annotations

Branches:
Dungeon (2/15)

Altars:

Annotations:
D:2 Jessica, Terence


Message History

Jessica points at you and mumbles some strange words.
Pain shoots through your body!
Found a dagger.
Found a stone staircase leading down.
Terence barely misses you.
Jessica gestures wildly while chanting.
Jessica blinks!
Jessica hits you with a +2 spectral club.
You block Jessica's attack.
Jessica hits you with a +2 spectral club.
Jessica points at you and mumbles some strange words.
Pain shoots through your body!
* * * LOW HITPOINT WARNING * * *
Jessica casts a spell.
Jessica blinks!
There is a stone staircase leading up, spattered with blood here.
Found an escape hatch in the ceiling.
Terence bares his teeth.
An endoplasm comes into view.
Jessica gestures wildly while chanting.
Jessica blinks!
Found a stone staircase leading up.
The endoplasm hits you but does no damage.
Jessica casts a spell.
Jessica seems to speed up.
Jessica grins evilly.
Jessica points at you and mumbles some strange words.
You barely resist. Jessica gestures at you while chanting.
You feel yourself slow down.
The endoplasm hits you but does no damage.
Terence hits you with a +0 falchion.
* * * LOW HITPOINT WARNING * * *
Jessica casts a spell at you. You resist with some effort.
You block the endoplasm's attack. Terence hits you but does no damage.
Jessica hits you with a +2 spectral club.
* * * LOW HITPOINT WARNING * * *
Jessica casts a spell at you. Pain shoots through your body!
You die...

..# ........# ........##
......$... # ....^.....####
.# #.##
........#....##.##... #
......##.........# .##
#...##.##.###.###...
#.....@##...........
##...:.####..........
#....@@J##........... #
##...#..†............ ..
#.....#..†.............
#.#.####.................
#....##..................
###......................
...........................


You could see Terence and Jessica (fast).

Vanquished Creatures
  Robin (D:1)
  5 ball pythons
  6 bats
  3 endoplasms
  A giant cockroach (D:1)
  10 goblins
  6 hobgoblins (D:1)
  4 jackals (D:1)
  3 frilled lizards
  3 kobolds (D:1)
  2 rats (D:1)
44 creatures vanquished.

Vanquished Creatures (others)
  An endoplasm (D:1)
  A fungus (D:2)
  3 plants (D:2)
5 creatures vanquished.

Grand Total: 49 creatures vanquished

Notes
Turn   | Place    | Note
-------+----------+-------------------------------------------
     0 | D:1      | gohu the Hill Orc Fighter began the quest for the Orb.
     0 | D:1      | Reached XP level 1. HP: 19/19 MP: 1/1
   374 | D:1      | Reached XP level 2. HP: 27/27 MP: 2/2
   752 | D:1      | Reached XP level 3. HP: 33/33 MP: 3/3
   933 | D:2      | Noticed Robin
  1206 | D:1      | Killed Robin
  1264 | D:2      | Reached XP level 4. HP: 41/41 MP: 4/4
  1284 | D:2      | Noticed Terence
  1311 | D:2      | Noticed Jessica
  1336 | D:2      | HP: 2/41 [Jessica/nerve-wracking pain (13)]
  1355 | D:2      | HP: 1/41 [Jessica/+2 spectral club (2)]
  1356 | D:2      | Killed from afar by Jessica

Illustrated notes

Levels and vault maps discovered:
D:1:      psy_arrival_conway, layout_basic, lemuel_flame_loot_1
D:2:      layout_rooms, shapermc_ecumenical_altar_mp_ritualfount,
          minmay_indecisive_spiral, uniq_jessica, uniq_robin,
          uniq_crazy_yiuf_cottage, uniq_terence

Skill      XL: |  1  2  3 |
---------------+----------+-----
Fighting       | 4 |  4.4
Axes           | 3 4 |  4.5
Armour         | |  3.7
Shields        | |  3.2

Action                   |  1- 3 |  4- 6 || total
-------------------------+-------+-------++-------
Melee: War axe           |    84 |    17 ||   101
Armor: Scale mail        |    64 |    12 ||    76
Dodge: Dodged            |    52 |    13 ||    65
Block: Buckler           |    29 |     8 ||    37
